 Dungeon Crawl Stone Soup version 0.25.0-11-g1f837a76a1 (webtiles) character file.

Game seed: 15674243400764679490

(classic levelgen) 62 EnegeticOcto the Shield-Bearer (level 3, -2/34 HPs)
             Began as a Deep Dwarf Fighter on June 24, 2020.
             Killed from afar by Sigmund (5 damage)
             ... with a magic dart
             ... on level 3 of the Dungeon.
             The game lasted 00:00:13 (189 turns).

EnegeticOcto the Shield-Bearer (Deep Dwarf Fighter)  Turns: 189, Time: 00:00:14

Health: -2/34      AC:  6    Str: 20    XL:     3   Next: 85%
Magic:  3/3        EV:  8    Int:  8    God:
Gold:   0          SH:  9    Dex: 12    Spells: 2/2 levels left

rFire    . . .     SeeInvis .   a - +0 war axe
rCold    . . .     Gourm    .   c - +0 kite shield
rNeg     . . .     Faith    .   b - +0 scale mail
rPois    .         Spirit   .   (no helmet)
rElec    .         Reflect  .   (no cloak)
rCorr    .         Harm     .   (no gloves)
MR       .....                  (no boots)
Stlth    ..........             (no amulet)
HPRegen  0.00/turn              (no ring)
MPRegen  0.08/turn              (no ring)

@: non-regenerating
A: damage resistance, heal wounds, sense surroundings 1, no regeneration
a: Heal Wounds


You were on level 3 of the Dungeon.
You were not hungry.

You visited 1 branch of the dungeon, and saw 3 of its levels.

Inventory:

Hand Weapons
 a - a +0 war axe (weapon)
Armour
 b - a +0 scale mail (worn)
 c - a +0 kite shield (worn)
Scrolls
 f - a scroll of noise {unknown}
Potions
 g - a potion of cancellation {unknown}
 h - 2 potions of magic {unknown}
 k - a potion of might {@q3}
Comestibles
 d - 10 chunks of flesh
 e - 2 rations


   Skills:
 * Level 3.2 Fighting
 * Level 3.1 Axes
 + Level 3.5 Armour
 + Level 1.2 Dodging
 + Level 3.6 Shields


You had 2 spell levels left.
You didn't know any spells.
Your spell library was empty.

Dungeon Overview and Level Annotations

Branches:
Dungeon (3/15)

Altars:
Trog

Annotations:
D:3 Sigmund


Innate Abilities, Weirdness & Mutations

You are resistant to damage.
You can heal yourself by infusing magical energy.
You passively map a small area around you.
You do not regenerate.


Message History

The adder bites you but does no damage.
You closely miss the adder. You hit the rat but do no damage.
The adder bites you. You block the rat's attack. The adder closely misses you.
You block the rat's attack.
Your shield prevents you from hitting the adder.
You hit the rat but do no damage. The adder bites you but does no damage.
The rat barely misses you. You block the adder's attack.
You completely miss the adder. You hit the rat.
You kill the rat!
The adder completely misses you. The adder bites you but does no damage.
You miss the adder. The adder barely misses you. You block the adder's attack.
You hit the adder.
The adder is moderately wounded.
The adder bites you but does no damage.
You slash the adder!
You kill the adder!
Your Dodging skill increases to level 1!
You have reached level 3!
Your experience leads to an increase in your attributes!
Increase (s)trength, (i)ntelligence, or (d)exterity?
You feel stronger.
Sigmund the Dreaded comes into view.
He is wielding a +0 scythe.
Sigmund shouts!
You hear a shout!
Sigmund hits you but does no damage.
Sigmund is nearby!
Sigmund is nearby!
Sigmund is nearby!
Your shield prevents you from hitting Sigmund.
Sigmund closely misses you.
You closely miss Sigmund.
Sigmund casts a spell.
Sigmund flickers and vanishes!
Deactivating autopickup; reactivate with Ctrl-A.
Something hits you.
No target in view!
No target in view!
No target in view!
No target in view!
No target in view!
No target in view!
No target in view!
No target in view!
No target in view!
No target in view!
No target in view!
No target in view!
No target in view!
No target in view!
You feel much better.
No target in view!
No target in view!
No target in view!
No target in view!
No target in view!
No target in view!
No target in view!
No target in view!
No target in view!
No target in view!
No target in view!
No target in view!
No target in view!
No target in view!
No target in view!
No target in view!
You slash something! Something hits you!
You miss something. Something hits you!
You completely miss something. Something hits you but does no damage.
A kobold comes into view.
The kobold throws a stone.
The stone hits you but does no damage.
You closely miss something.
You hear some strange, mumbled words.
Something tries to affect you, but you resist.
A jelly comes into view.
Something hits you!
You hit something.
The kobold throws a stone.
Something hits you but does no damage.
The kobold throws a stone.
You block the stone.
You miss something. You slash the jelly!
Your hands burn!
* * * LOW HITPOINT WARNING * * *
You block the jelly's attack. x2
You closely miss something. You hit the jelly.
You kill the jelly!
Your Axes skill increases to level 3!
Something hits you but does no damage.
You closely miss something.
You hear some strange, mumbled words.
A puff of flame appears from out of thin air!
You block the puff of flame.
You hear some strange, mumbled words.
Something tries to affect you, but you resist.
You barely miss something. Something hits you.
* * * LOW HITPOINT WARNING * * *
You miss something. Something hits you.
* * * LOW HITPOINT WARNING * * *
You barely miss something.
You hear some strange, mumbled words.
A magic dart appears from out of thin air!
The magic dart hits you.
You die...

* * ####. , * ,
#.....# * * *
##.##..#, *
,,....#..####
#.. ...#<.# >
#K# #.###.# , *
,#{# #.#..†# ,
*,#@###.....#
#.......#.#
#..####.###.#
#......††......
##.####.###....
, #.,* #.#
##### ##,**#.#
* * #.# * ,
*#.#


You could see a kobold.

Vanquished Creatures
  A jelly (D:3)
  2 adders
  A worm (D:3)
  A dart slug (D:1)
  A leopard gecko (D:1)
  A goblin (D:1)
  2 jackals (D:1)
  A bat (D:2)
  A frilled lizard (D:1)
  2 rats
13 creatures vanquished.

Notes
Turn   | Place    | Note
-------+----------+-------------------------------------------
     0 | D:1      | EnegeticOcto the Deep Dwarf Fighter began the quest for the
                  | Orb.
     0 | D:1      | Reached XP level 1. HP: 20/20 MP: 1/1
    59 | D:1      | Reached XP level 2. HP: 24/27 MP: 2/2
   115 | D:2      | Found a bloodstained altar of Trog.
   171 | D:3      | Reached skill level 1 in Dodging
   171 | D:3      | Reached XP level 3. HP: 24/34 MP: 3/3
   174 | D:3      | Noticed Sigmund
   189 | D:3      | Killed from afar by Sigmund

Illustrated notes

Levels and vault maps discovered:
D:1:      psy_arrival_terrarium, layout_loops_ring
D:2:      layout_loops_corners, lemuel_doored_altar, bloody_trog, first_ration,
          uniq_robin, uniq_jessica
D:3:      layout_basic, marbit_many_paths, minmay_fractal_squares_diagonal_5,
          uniq_sigmund

Skill      XL: |  1  2  3 |
---------------+----------+-----
Fighting       | 3 |  3.2
Dodging        | 1 |  1.2
Axes           | 3 |  3.1
Armour         | |  3.5
Shields        | |  3.6

Action                   || total
-------------------------++-------
Melee: War axe           ||    49
 Abil: Heal Wounds       ||     1
Armor: Scale mail        ||    19
Dodge: Dodged            ||    15
Block: Kite shield       ||    34
